 Dungeon Crawl Stone Soup version 0.23-a0-329-g6f3f904 (webtiles) character file.

95 namelastname112 the Skirmisher (level 4, -16/45 HPs)
             Began as a Draconian Wanderer on Oct 16, 2018.
             Demolished by an ogre
             ... wielding a +0 giant club
              (25 damage)
             ... on level 3 of the Dungeon.
             The game lasted 00:02:51 (1973 turns).

namelastname112 the Skirmisher (Draconian Wanderer) Turns: 1973, Time: 00:02:51

Health: -16/45     AC:  5    Str: 16    XL:     4   Next: 40%
Magic:  4/4        EV: 12    Int: 13    God:
Gold:   63         SH:  0    Dex:  9    Spells: 3/3 levels left

rFire    . . .     SeeInvis .   k - +1 whip (flame)
rCold    . . .     Gourm    .   (no shield)
rNeg     . . .     Faith    .   (armour unavailable)
rPois    .         Spirit   .   (helmet restricted)
rElec    .         Reflect  .   (no cloak)
rCorr    .         Harm     .   (no gloves)
MR       .....                  (no boots)
Stlth    +.........             (no amulet)
HPRegen  0.15/turn              (no ring)
MPRegen  0.09/turn              (no ring)

@: no status effects
A: unfitting armour, cold-blooded, AC +5
a: no special abilities


You were on level 3 of the Dungeon.
You were hungry.

You visited 1 branch of the dungeon, and saw 3 of its levels.

You collected 63 gold pieces.

Inventory:

Hand Weapons
 a - a +2 short sword
 d - a +0 blowgun
 k - a +1 whip of flaming (weapon)
Missiles
 c - 10 poisoned needles
Scrolls
 b - 2 scrolls of teleportation
 e - a scroll of blinking {unknown}
 g - a scroll of noise {unknown}
 i - a scroll of remove curse {unknown}
 m - a scroll of fog {unknown}
 o - a scroll of amnesia {unknown}
 p - a scroll of fear {unknown}
Potions
 h - a potion of cancellation {unknown}
 j - a potion of curing {unknown}
 l - a potion of lignification {unknown}
Comestibles
 f - 6 rations


   Skills:
 + Level 6.4 Fighting
 - Level 1.0 Short Blades
 - Level 1.0 Throwing
 + Level 2.8 Dodging
 - Level 1.0 Stealth
   Level 1.0 Evocations


You had 3 spell levels left.
You didn't know any spells.
Your spell library was empty.

Dungeon Overview and Level Annotations

Branches:
Dungeon (3/15)

Altars:
Dithmenos
Fedhas
Nemelex Xobeh
Okawaru
Trog
Uskayaw
Xom


Innate Abilities, Weirdness & Mutations

Your plain brown scales are hard. (AC +5)
You cannot fit into any form of body armour.
You are cold-blooded and may be slowed by cold attacks.


Message History

The ogre misses you.
You hit the ogre. You burn the ogre.
The ogre is heavily wounded.
The ogre barely misses you.
You are feeling hungry.
The ogre closely misses you.
You barely miss the ogre.
Your tail-slap misses the ogre.
The ogre is heavily wounded.
The ogre hits you with a +0 giant club!!
Ouch! That really hurt!
* * * LOW HITPOINT WARNING * * *
You take 28 damage, and have 6/45 hp.
MASSIVE DAMAGE!!
You are too injured to fight recklessly!
You are too injured to fight recklessly!
You see here a rat corpse.
The ogre misses you.
A leopard gecko comes into view.
The ogre hits you with a +0 giant club!!
Ouch! That really hurt!
You die...

.... .. #.# ... .# #l#
###..######.# #.# ...........# #
#.# #..#..#...# .#
#.#.####..#..#.... ##### ######.#
#.#.......<......# .†..# #.##...
#.#............†..
....###.##.#####@#.#####.....)...
....##.........O.# #....#......
.................#.###.#....†.#.#
#...#......[.....#......<........
#...#...###.†....#####.#.........
#...###.# #.#######..............
#...# #.# #.# #.....#.#.##...###
#######.# #.# #.......#.#......#
#...#.# #.#######..#.#.#....#.#


You could see an ogre and a leopard gecko (sleeping).

Vanquished Creatures
  3 adders
  An ooze (D:1)
  3 worms (D:2)
  A dart slug (D:3)
  A leopard gecko (D:2)
  A ball python (D:3)
  5 bats
  4 giant cockroaches
  6 goblins
  4 hobgoblins
  5 jackals
  2 quokkas (D:2)
  A frilled lizard (D:2)
  7 kobolds
  6 rats
50 creatures vanquished.

Notes
Turn   | Place    | Note
-------+----------+-------------------------------------------
     0 | D:1      | namelastname112 the Draconian Wanderer began the quest for
                  | the Orb.
     0 | D:1      | namelastname112 set off with: a +2 short sword, a scroll of
                  | teleportation, 10 poisoned needles, a +0 blowgun, a ration
     0 | D:1      | Reached XP level 1. HP: 23/23 MP: 1/1
   179 | D:1      | Reached XP level 2. HP: 30/30 MP: 2/2
   826 | D:2      | Reached skill level 6 in Fighting
   826 | D:2      | Reached XP level 3. HP: 33/37 MP: 3/3
  1508 | D:2      | Found a shadowy altar of Dithmenos.
  1512 | D:2      | Found a hide-covered altar of Uskayaw.
  1512 | D:2      | Found a blossoming altar of Fedhas.
  1525 | D:2      | Found an iron altar of Okawaru.
  1529 | D:2      | Found a sparkling altar of Nemelex Xobeh.
  1688 | D:2      | Reached XP level 4. HP: 44/44 MP: 4/4
  1774 | D:2      | Found a bloodstained altar of Trog.
  1850 | D:2      | Found a shimmering altar of Xom.
  1949 | D:3      | Noticed an ogre
  1973 | D:3      | Demolished by an ogre

Vault maps used:
D:1:      lightli_arrival_windingriver
D:2:      lemuel_upstairs_altar, overflow_temple_1_default,
          minmay_overflow_temple_star_hex, first_ration
D:3:      uniq_crazy_yiuf_cottage

Skill      XL: |  1  2 |
---------------+-------+-----
Dodging        | 2 |  2.8
Fighting       | 6 |  6.4
Short Blades   | |  1.0
Throwing       | |  1.0
Stealth        | |  1.0
Evocations     | |  1.0

Action                   |  1- 3 |  4- 6 || total
-------------------------+-------+-------++-------
Melee: Short sword       |    55 |       ||    55
       Tailslap          |    13 |     3 ||    16
       Whip              |    83 |    28 ||   111
 Stab: Sleeping          |     3 |       ||     3
  Eat: Chunk             |     3 |       ||     3
Armor: Skin              |    42 |    10 ||    52
Dodge: Dodged            |    88 |    16 ||   104

Table legend:
 A = Non-vault XP
 B = Vault XP
 C = Vault XP percentage of total XP
 D = Non-vault monster count
 E = Vault monster count
 F = Vault count percentage of total count
                 A         B        C        D         E       F
            +---------+---------+-------+---------+---------+-------
      Total |     137 |       0 |   0.0 |      50 |       0 |   0.0
            +---------+---------+-------+---------+---------+-------
        D:1 |      31 |       0 |   0.0 |      14 |       0 |   0.0
        D:2 |      68 |       0 |   0.0 |      28 |       0 |   0.0
        D:3 |      38 |       0 |   0.0 |       8 |       0 |   0.0
            +---------+---------+-------+---------+---------+-------
